 Dungeon Crawl Stone Soup version 0.28.0-47-ge53b351184 (webtiles) character file.

Game seed: 736845050907268328

423 GigaChad the Covered (level 6, -1/55 HPs)
             Began as a Minotaur Fighter on May 5, 2022.
             Was a Believer of Zin.
             Slain by a river rat (5 damage)
             ... in a sewer.
             The game lasted 00:08:38 (3499 turns).

GigaChad the Covered (Minotaur Fighter)             Turns: 3499, Time: 00:08:39

Health: -1/55      AC:  8    Str: 20    XL:     6   Next: 63%
Magic:  5/5        EV: 10    Int:  5    God:    Zin [**....]
Gold:   134        SH:  0    Dex: 12    Spells: 5/5 levels left

rFire   . . .      SeeInvis .   p - +9 quarterstaff of the Vestibule of Hell {vorpal, Drain rN+ rCorr}
rCold   . . .      Faith    .   (shield currently unavailable)
rNeg    + . .      Spirit   .   b - +1 scale mail
rPois   .          Reflect  .   (helmet restricted)
rElec   .          Harm     .   (no cloak)
rCorr   +          Rampage  .   (no gloves)
Will    .....                   (no boots)
Stlth   ..........              (no amulet)
HPRegen 0.18/turn               j - ring of resist corrosion
MPRegen 0.09/turn               n - ring of resist corrosion

@: no status effects
A: horns 2, retaliatory headbutt
a: Renounce Religion, Recite, Vitalisation, Donate Gold


You were in a sewer.
You worshipped Zin.
Zin was pleased with you.
You visited 1 branch of the dungeon, and saw 5 of its levels.
You also visited: Sewer.

You collected 148 gold pieces.
You donated 14 gold pieces to Zin.

Inventory:

Hand Weapons
 a - a +1 long sword
 p - the +9 quarterstaff of the Vestibule of Hell (weapon) {vorpal, Drain rN+ rCorr}
   (You found it on level 4 of the Dungeon)

   It inflicts extra damage upon your enemies.
   rN:        It protects you from negative energy.
   rCorr:     It protects you from acid and corrosion.
   Drain:     It drains your maximum health when unequipped.
 s - a +0 war axe
Armour
 b - a +1 scale mail (worn)
 c - a +0 buckler
 g - a +2 cloak
Jewellery
 j - a ring of resist corrosion (left hand)
 n - a ring of resist corrosion (right hand)
Scrolls
 h - 2 scrolls of identify {unknown}
 k - a scroll of fear {unknown}
 o - a scroll of amnesia {unknown}
Potions
 d - 3 potions of might
 e - a potion of ambrosia {unknown}
 f - a potion of magic {unknown}
 i - a potion of curing {unknown}
 l - a potion of haste {unknown}
 m - a potion of brilliance {unknown}
 q - 2 potions of heal wounds {unknown}
 r - a potion of flight {unknown}


   Skills:
 + Level 4.9 Fighting
 + Level 4.9 Long Blades
 + Level 1.6 Staves
 + Level 5.9 Armour
 + Level 1.7 Dodging
 + Level 4.5 Shields


You had 5 spell levels left.
You didn't know any spells.
Your spell library was empty.

Dungeon Overview and Level Annotations

Branches:
Dungeon (5/15)              Sewer (1/1)
 Temple: D:4-7

Altars:
Dithmenos
Zin


Innate Abilities, Weirdness & Mutations

You have a pair of horns on your head.
You reflexively headbutt those who attack you in melee.


Message History

You headbutt the river rat, but do no damage.
You bludgeon the river rat!!
You kill the river rat!
You feel sick. The river rat barely misses you. You furiously retaliate!
You headbutt the river rat. You hit the river rat.
The river rat is heavily wounded.
You feel sick.
You are no longer poisoned.
The river rat bites you.
* * * LOW HITPOINT WARNING * * *
The river rat barely misses you. You furiously retaliate!
You headbutt the river rat, but do no damage.
The river rat bites you but does no damage.
You closely miss the river rat.
The river rat is heavily wounded.
The river rat bites you but does no damage.
The rat bites you but does no damage. The river rat bites you.
* * * LOW HITPOINT WARNING * * *
The river rat barely misses you.
You hit the river rat.
The river rat is almost dead.
The rat misses you. You furiously retaliate!
You headbutt the rat!
You kill the rat!
The river rat bites you.
* * * LOW HITPOINT WARNING * * *
The river rat misses you. You furiously retaliate!
You headbutt the river rat.
The river rat bites you but does no damage.
The river rat closely misses you. You furiously retaliate!
You headbutt the river rat, but do no damage.
You see here a river rat corpse.
You closely miss the river rat.
The river rat is severely wounded.
The river rat bites you.
* * * LOW HITPOINT WARNING * * *
The river rat bites you but does no damage.
You closely miss the river rat. Your headbutt misses the river rat.
The river rat is severely wounded.
The river rat bites you.
You die...

#≈≈#≈≈≈#
#≈≈≈#≈≈#
#≈≈≈≈≈≈#
#≈≈≈≈#≈#
#≈≈≈≈≈≈#
#≈≈≈≈≈≈#
#≈≈≈≈≈≈#
#≈≈≈≈≈≈#
#≈≈≈≈≈≈#
#≈≈≈†≈≈#
#≈≈≈≈≈≈#
#≈≈≈†≈≈#
#......#
#.≈≈≈≈.#
#......#
#......##
#..∩∩..#
##@r....##
#......#
#.r.....#
##....##
##†.......
######
##........
######...
###


You could see 2 river rats.

Vanquished Creatures
  A water moccasin zombie (D:5)
  A howler monkey (D:4)
  A jelly (D:5)
  2 orc priests
  Jessica (D:3)
  Natasha (twice) (D:4)
  An orc wizard (D:4)
  2 adders
  3 river rats (Sewer)
  A dart slug (D:1)
  10 orcs
  A bat (D:2)
  9 endoplasms
  5 giant cockroaches
  5 goblins
  7 hobgoblins
  2 quokkas
  7 ball pythons
  A frilled lizard (D:3)
  4 kobolds
  17 rats
83 creatures vanquished.

Notes
Turn   | Place    | Note
-------+----------+-------------------------------------------
     0 | D:1      | GigaChad the Minotaur Fighter began the quest for the Orb.
     0 | D:1      | Reached XP level 1. HP: 19/19 MP: 0/0
   143 | D:1      | Reached XP level 2. HP: 22/27 MP: 1/1
   400 | D:1      | You fall into a shaft and drop 1 floor!
   492 | D:2      | Reached skill level 4 in Armour
   655 | D:2      | Reached XP level 3. HP: 33/33 MP: 2/2
   733 | D:2      | Found a faded altar of an unknown god.
   738 | D:2      | Prayed at the altar of an unknown god.
   738 | D:2      | Became a worshipper of Zin the Law-Giver
   738 | D:2      | Reached * piety under Zin
  1061 | D:2      | Found a shadowy altar of Dithmenos.
  1768 | D:3      | Noticed Jessica
  1770 | D:3      | Killed Jessica
  1771 | D:3      | Reached XP level 4. HP: 36/41 MP: 3/3
  2341 | D:4      | Reached ** piety under Zin
  2500 | D:4      | Reached skill level 1 in Dodging
  2500 | D:4      | Reached XP level 5. HP: 46/47 MP: 4/4
  2514 | D:4      | Reached skill level 5 in Armour
  2554 | D:4      | Identified the +9 quarterstaff of the Vestibule of Hell
                  | {vorpal, Drain rN+ rCorr}
  2753 | D:4      | Noticed Natasha
  2759 | D:4      | Killed Natasha
  3278 | D:4      | Noticed Natasha
  3282 | D:4      | Killed Natasha
  3307 | D:5      | Entered Level 5 of the Dungeon
  3323 | D:5      | Reached XP level 6. HP: 46/53 MP: 5/5
  3350 | D:5      | Reached skill level 1 in Staves
  3385 | D:5      | Found a glowing drain.
  3390 | Sewer    | Entered a sewer
  3499 | Sewer    | Slain by a river rat

Illustrated notes

Levels and vault maps discovered:
D:1:      minmay_arrival_four_circles, layout_basic
D:2:      layout_basic, chequers_ecumenical_altar_grove, basic_altar
D:3:      layout_loops_corners, patterned_corridor, uniq_jessica
D:4:      layout_loops_corners, uniq_natasha
D:5:      layout_layer_cave, minmay_temple_entry_from_below_a,
          gup_sewer_entry_bowl, serial_shops, nicolae_take_the_stairs,
          minmay_manual_mullet
Sewer:    sewer_minmay_w

Skill      XL: |  1  2  3  4  5  6 |
---------------+-------------------+-----
Fighting       | 4 |  4.9
Shields        | 4 |  4.5
Armour         | 4 5 |  5.9
Long Blades    | 3 4 |  4.9
Dodging        | 1 |  1.7
Staves         | 1 |  1.6

Action                   |  1- 3 |  4- 6 || total
-------------------------+-------+-------++-------
Melee: Long sword        |    63 |    18 ||    81
       Headbutt          |     9 |     6 ||    15
       Quarterstaff      |       |    56 ||    56
  Use: Scroll            |     2 |       ||     2
Armor: Scale mail        |    38 |    41 ||    79
Dodge: Dodged            |    42 |    73 ||   115
Block: Buckler           |    22 |     3 ||    25
